 Dungeon Crawl Stone Soup version 0.30-a0-845-g7c6808c8ce (webtiles) character file.

Game seed: 12429164080853485907

10105 Orangeyouglad the Distorting Human (level 11, -5/87 HPs)
             Began as a Human Wanderer on Mar 2, 2023.
             Was a Believer of Lugonu.
             Slain by a merfolk
             ... wielding a +0 trident
             ... led by the fury of Okawaru
              (11 damage)
             ... on level 10 of the Dungeon.
             The game lasted 00:43:01 (13773 turns).

Orangeyouglad the Distorting Human (HuWn)          Turns: 13773, Time: 00:43:01

Health: -5/87      AC: 12    Str: 24    XL:     11   Next: 86%
Magic:  0/17       EV: 14    Int: 13    God:    Lugonu [**....]
Gold:   466        SH:  0    Dex: 11    Spells: 8/10 levels left

rFire   . . .      SeeInvis .    o - +1 flail (distort)
rCold   . . .      Faith    .    n - orb {light}
rNeg    . . .      Spirit   +    S - +0 acid dragon scales
rPois   .          Reflect  .    z - +0 helmet
rElec   .          Rampage  .    g - +0 cloak
rCorr   +                        (no gloves)
Will    .....                    c - +0 pair of boots
Stlth   +                        D - amulet of guardian spirit
HPRegen 0.34/turn                y - +6 ring of strength
MPRegen 0.15/turn                B - ring of wizardry

@: glowing
A: no striking features
a: Renounce Religion, Depart the Abyss, Banish


You were on level 10 of the Dungeon.
You worshipped Lugonu.
Lugonu was pleased with you.
You visited 2 branches of the dungeon, and saw 11 of its levels.
You visited the Abyss 1 time.

You collected 631 gold pieces.
You spent 165 gold pieces at shops.

Inventory:

Hand Weapons
 a - a +2 quarterstaff
 b - a +0 mace
 o - a +1 flail of distortion (weapon)
 H - a +0 mace of protection
 Q - a +0 flail of protection
 U - a +3 flail
Missiles
 s - 17 poisoned darts (quivered)
 L - a throwing net
 P - 17 boomerangs
Armour
 c - a +0 pair of boots (worn)
 g - a +0 cloak (worn)
 l - a +0 ring mail
 n - an orb of light (worn)
 z - a +0 helmet (worn)
 K - a +0 scale mail
 M - a +0 troll leather armour
 S - +0 acid dragon scales (worn)
Magical Staves
 k - a staff of conjuration
 q - a staff of poison
Jewellery
 y - a +6 ring of strength (left hand)
 B - a ring of wizardry (right hand)
 D - an amulet of guardian spirit (around neck)
 F - a ring of flight
 T - a ring of fire
Scrolls
 d - a scroll of teleportation
 e - a scroll of torment
 j - 6 scrolls of enchant weapon
 m - a scroll of magic mapping {unknown}
 p - 2 scrolls of amnesia
 E - a scroll of vulnerability {unknown}
 I - 2 scrolls of fog
 N - 3 scrolls of noise {unknown}
 R - a scroll of immolation {unknown}
Potions
 f - 2 potions of attraction
 h - 2 potions of flight
 r - 2 potions of brilliance
 t - 2 potions of lignification
 u - a potion of magic {unknown}
 v - 2 potions of resistance
 x - 2 potions of mutation {unknown}
 C - 2 potions of invisibility {unknown}
 J - 2 potions of berserk rage {unknown}


   Skills:
 + Level 8.6 Fighting
 + Level 7.0(7.6) Maces & Flails
 - Level 4.2(6.2) Staves
 + Level 8.3 Armour
 + Level 7.0 Dodging
 - Level 4.5 Transmutations
 + Level 8.6 Invocations


You had 8 spell levels left.
You knew the following spells:

 Your Spells              Type           Power      Damage    Failure   Level
a - Wereblood             Tmut           11%        N/A       3%          2

Your spell library contained the following spells:

 Spells                   Type           Power      Damage    Failure   Level
 Beastly Appendage        Tmut           22%        N/A       2%          1
 Summon Small Mammal      Summ           0%         N/A       16%         1
 Spider Form              Tmut/Pois      5%         N/A       17%         3
 Call Canine Familiar     Summ           0%         N/A       38%         3
 Inner Flame              Hex/Fire       0%         N/A       38%         3
 Summon Guardian Golem    Hex/Summ       0%         N/A       38%         3
 Flame Wave               Conj/Fire      0%         2d4       78%         4
 Sticky Flame             Conj/Fire      0%         2d3       78%         4


Dungeon Overview and Level Annotations

Branches:
Dungeon (10/15)            Temple (0/1) D:5            Lair (1/5) D:9
    Orc (0/2) D:9

Altars:
Nemelex Xobeh
Okawaru
Xom

Shops:
D:1 =   D:3 ?

Annotations:
Abyss:1 Menkaure


Message History

You sock the troll!
The troll is heavily wounded.
The troll bites you. The troll claws you but does no damage.
The troll closely misses you.
You hit the troll.
Space warps around the troll.
The troll is severely wounded.
The troll closely misses you. The troll barely misses you.
The troll closely misses you.
You sock the troll!
You kill the troll!
Lugonu accepts your kill.
You can now banish your foes.
Your Dodging skill increases to level 7!
You now have 466 gold pieces (gained 13).
Magic restored.
HP restored.
Found a stone staircase leading down.
There is an open door here.
Okawaru sends forces against you!
Lugonu does not welcome meddling.
The centaur warrior is devoured by a tear in reality.
The merfolk javelineer is devoured by a tear in reality. 2 merfolk and a cyclops come into view.
There are monsters nearby!
The merfolk shouts! x2
There is an open door here.
The merfolk closely misses you.
The merfolk throws a boomerang.
The boomerang hits you! The merfolk closely misses you.
The merfolk throws a boomerang.
The boomerang hits you!
You hit the merfolk but do no damage. The merfolk closely misses you.
The merfolk throws a boomerang.
The boomerang hits you!
You barely miss the merfolk.
The merfolk hits you with a +0 trident!!
The merfolk throws a boomerang.
The boomerang closely misses you.
You hit the merfolk.
The merfolk is lightly wounded.
The cyclops throws a large rock.
The large rock hits you!!!
* * * LOW HITPOINT WARNING * * *
The merfolk hits you with a +0 trident!
You die...

###########################
......#.......#....#......#
......#.......#....#....>.#
......'.......#....#......#
......#.......#....#......#
......#.......#....#Cm§...#
#######.......#....#..§§..#
+.......#.@m.#m§§§m.#
#####'#'###..#'#...§#
#.....#......m.#.......
#.....#......C.#.......
#.....#........#.......
#####+###..##########..
#.... . #..... #......


You could see 2 merfolk and a cyclops.

Vanquished Creatures
  3 two-headed ogres
  A tengu warrior (Lair:1)
  A cyclops (D:7)
  An unseen horror (D:10)
  A komodo dragon (Lair:1)
  2 trolls
  A raiju (Abyss:1)
  A hornet (D:10)
  Prince Ribbit (D:5)
  Sigmund (D:3)
  A shadow (D:9)
  A wyvern (D:8)
  6 yaks
  2 steam dragons (D:8)
  3 wargs (D:9)
  An acid dragon (D:8)
  3 water moccasins
  2 orc warriors (D:9)
  3 ice beasts
  3 black bears
  4 centaurs
  3 kobold brigands
  2 bullfrogs (Lair:1)
  A gnoll sergeant (D:9)
  A scorpion (D:6)
  19 killer bees
  3 howler monkeys
  3 hounds
  A lava snake (D:9)
  4 orc priests
  2 gnoll boudas
  2 jellies (D:6)
  3 sleepcaps
  5 iguanas
  12 orc wizards
  A mummy (D:8)
  16 gnolls
  8 adders
  5 worms
  2 dart slugs
  50 orcs
  6 ball pythons
  6 endoplasms
  3 giant cockroaches
  6 hobgoblins
  4 jackals (D:2)
  25 kobolds
  3 quokkas
  4 bats
  8 goblins
  3 hobgoblin zombies (D:8)
  An orc zombie (D:8)
  5 rats
259 creatures vanquished.

Vanquished Creatures (others)
  8 fungi (Lair:1)
  7 plants
15 creatures vanquished.

Grand Total: 274 creatures vanquished

Notes
Turn   | Place    | Note
-------+----------+-------------------------------------------
     0 | D:1      | Orangeyouglad the Human Wanderer began the quest for the
                  | Orb.
     0 | D:1      | Orangeyouglad set off with the following items: a +2
                  | quarterstaff, a +0 mace, a +0 pair of boots, a potion of
                  | haste, a +0 leather armour.
     0 | D:1      | Reached XP level 1. HP: 16/16 MP: 1/1
   105 | D:1      | Reached XP level 2. HP: 22/22 MP: 2/2
   406 | D:1      | Found Raliutzu's Jewellery Boutique.
   611 | D:2      | Reached XP level 3. HP: 27/28 MP: 3/3
   858 | D:2      | Reached XP level 4. HP: 27/34 MP: 4/4
  1972 | D:3      | Noticed Sigmund
  2035 | D:3      | Found an iron altar of Okawaru.
  2162 | D:3      | Became a worshipper of Warmaster Okawaru
  2187 | D:3      | Found Didwier's Magic Scroll Boutique.
  2195 | D:3      | Bought a scroll of identify for 22 gold pieces
  2195 | D:3      | Bought a scroll of identify for 22 gold pieces
  2231 | D:3      | Reached XP level 5. HP: 36/40 MP: 5/5
  2543 | D:3      | Bought a scroll of fear for 44 gold pieces
  2579 | D:3      | Found a sparkling altar of Nemelex Xobeh.
  2694 | D:3      | Killed Sigmund
  2694 | D:3      | Reached * piety under Okawaru
  2695 | D:3      | Reached skill level 1 in Invocations
  2695 | D:3      | Reached XP level 6. HP: 47/47 MP: 5/7
  3291 | D:4      | Reached XP level 7. HP: 50/53 MP: 8/8
  4007 | D:5      | Entered Level 5 of the Dungeon
  4018 | D:5      | Noticed Prince Ribbit
  4366 | D:5      | Found a staircase to the Ecumenical Temple.
  4453 | D:5      | Reached XP level 8. HP: 25/61 MP: 10/10
  4632 | D:5      | Reached ** piety under Okawaru
  4826 | D:5      | Killed Prince Ribbit
  5456 | D:6      | Reached skill level 5 in Fighting
  5547 | D:6      | Reached skill level 5 in Dodging
  6191 | D:6      | Reached skill level 5 in Armour
  6191 | D:6      | Reached XP level 9. HP: 61/68 MP: 10/12
  6238 | D:6      | Noticed Menkaure
  6494 | D:7      | Noticed a troll
  6495 | D:7      | Noticed a cyclops
  6513 | D:7      | Killed a cyclops
  6514 | D:7      | Reached skill level 5 in Invocations
  6556 | D:7      | Killed a troll
  7062 | D:7      | Reached *** piety under Okawaru
  7245 | D:7      | Found a shimmering altar of Xom.
  7510 | D:7      | Reached XP level 10. HP: 58/77 MP: 14/14
  8251 | D:8      | Learned a level 2 spell: Wereblood
  8382 | D:8      | Reached skill level 1 in Transmutations
  8556 | D:8      | Noticed a two-headed ogre
  8580 | D:8      | Killed a two-headed ogre
  8581 | D:8      | Reached skill level 5 in Maces & Flails
  9202 | D:8      | Reached **** piety under Okawaru
  9766 | D:9      | Noticed a two-headed ogre
  9861 | D:9      | Killed a two-headed ogre
  9897 | D:9      | Noticed a two-headed ogre
 10180 | D:9      | Reached XP level 11. HP: 38/84 MP: 9/16
 10936 | D:9      | Killed a two-headed ogre
 11001 | D:9      | Found a staircase to the Lair.
 11110 | Abyss:1  | Cast into level 1 of the Abyss (gnoll)
 11216 | Abyss:1  | Received a gift from Okawaru
 11308 | Abyss:1  | Noticed a starcursed mass
 11315 | Abyss:1  | Noticed a worldbinder
 11320 | Abyss:1  | Noticed a purple very ugly thing
 11320 | Abyss:1  | Noticed a purple very ugly thing
 11322 | Abyss:1  | Noticed a wretched star
 11323 | Abyss:1  | HP: 4/86 [wretched star/lance of force (17)]
 11327 | Abyss:1  | Found a corrupted altar of Lugonu.
 11331 | Abyss:1  | Fell from the grace of Okawaru
 11331 | Abyss:1  | Became a worshipper of Lugonu the Unformed
 11331 | Abyss:1  | Reached * piety under Lugonu
 11331 | Abyss:1  | Reached ** piety under Lugonu
 11332 | D:9      | Escaped the Abyss
 11332 | D:9      | HP: 4/86 [gnoll/+0 spear[a gnoll sergeant] (2)]
 11332 | D:9      | HP: 1/86 [gnoll sergeant/+0 trident (3)]
 11777 | D:9      | Found a staircase to the Orcish Mines.
 12245 | Lair:1   | Entered Level 1 of the Lair of Beasts
 12385 | Lair:1   | Banished a merfolk impaler
 12385 | Lair:1   | Banished a deep elf archer
 12385 | Lair:1   | Banished a tengu warrior
 12386 | Lair:1   | Noticed a tengu warrior
 12403 | Lair:1   | Killed a tengu warrior
 12525 | Lair:1   | Noticed a frost giant
 12525 | Lair:1   | Noticed a naga warrior
 12662 | Lair:1   | Banished a merfolk impaler
 12674 | Lair:1   | HP: 1/87 [merfolk/+0 halberd[the fury of Okawaru] (13)]
 12782 | Lair:1   | Banished a cyclops
 12783 | Lair:1   | Noticed an orc warlord
 13107 | D:3      | Bought a scroll of teleportation for 33 gold pieces
 13107 | D:3      | Bought a scroll of fog for 44 gold pieces
 13385 | D:6      | Banished Menkaure
 13612 | D:10     | Entered Level 10 of the Dungeon
 13762 | D:10     | Banished a centaur warrior
 13762 | D:10     | Banished a merfolk javelineer
 13763 | D:10     | Noticed a cyclops
 13773 | D:10     | Slain by a merfolk

Illustrated notes

Levels and vault maps discovered:
D:1:      lightli_iron_boxes, layout_loops_ring, serial_shops,
          nicolae_shop_window_shopping
D:2:      layout_basic, minmay_hedge_maze
D:3:      layout_basic, nemelex_dance_club_becter,
          mainiacjoe_overflow_six_doors_small, serial_shops, shop, uniq_sigmund
D:4:      layout_basic, minmay_misc_feat_tower
D:5:      layout_loops_ring, minmay_temple_entry_grid,
          nicolae_fountain_basement, uniq_prince_ribbit1
D:6:      layout_basic, kennysheep_generic_room_16, uniq_menkaure
D:7:      minmay_chambers_of_sixes, layout_basic,
          mainiacjoe_overflow_concentric_impassable
D:8:      layout_loops_ring, minmay_mini_ossuary
D:9:      minmay_angry_zag, layout_cross, erik_lair_orcish_takeover,
          hiddenorc1_lemuel, kennysheep_doodads, corexii_corridor_pit,
          kennysheep_generic_room_7
D:10:     minmay_the_grid_triangle_9x9_recursive_2_mashed
          [minmay_the_grid_triangle_9x9_prize_schism,
          minmay_the_grid_triangle_9x9_thin_v,
          minmay_the_grid_triangle_9x9_windchime,
          minmay_the_grid_triangle_9x9_stretched_checkered], layout_grid_maze,
          mainiacjoe_overflow_brackets
Lair:1:   layout_roguey [special_room_bee]

Skill      XL: |  1  2  3  4  5  6  7  8  9 10 11 |
---------------+----------------------------------+-----
Armour         | 2 3 5 6 7 8 |  8.3
Fighting       | 3 4 5 6 7 8 |  8.6
Dodging        | 3 4 5 6 7 |  7.0
Staves         | 4 |  4.2
Invocations    | 1 2 3 4 6 7 8 |  8.6
Maces & Flails | 4 5 7 |  7.0
Transmutations | 3 4 |  4.5

Action                     |  1- 3 |  4- 6 |  7- 9 | 10-12 || total
---------------------------+-------+-------+-------+-------++-------
  Melee: Quarterstaff      |    75 |    92 |       |       ||   167
         Mace              |       |    35 |   333 |    19 ||   387
         Flail             |       |       |       |   447 ||   447
  Throw: Dart              |       |       |    40 |    14 ||    54
   Cast: Wereblood         |       |       |       |     4 ||     4
 Invoke: Heroism           |       |     1 |     7 |     8 ||    16
         Depart the Abyss  |       |       |       |     1 ||     1
         Banish            |       |       |       |     1 ||     1
  Evoke: Wand              |       |       |    20 |     9 ||    29
    Use: Scroll            |       |     6 |     3 |    14 ||    23
         Potion            |       |     3 |     2 |    13 ||    18
 Armour: Leather armour    |     7 |       |       |       ||     7
         Ring mail         |    20 |    47 |    56 |       ||   123
         Scale mail        |       |       |   103 |    36 ||   139
         Acid dragon scale |       |       |       |   191 ||   191
         Skin              |       |       |       |    36 ||    36
  Dodge: Dodged            |    44 |    78 |   254 |   402 ||   778

Table legend: (Time is in decaauts)
 A = Elapsed time spent in this place.
 B = Non-inter-level travel time spent in this place.
 C = Inter-level travel time spent in this place.
 D = Time resting spent in this place.
 E = Time spent auto-exploring this place.
 F = Levels seen in this place.
 G = Mean time per level.
                   A        B        C        D        E       F      G
               +--------+--------+--------+--------+--------+-----+--------+
         Total |  13840 |  12893 |    947 |   3290 |   5616 |  12 | 1153.3 |
       Dungeon |  12914 |  11967 |    947 |   2824 |   5522 |  10 | 1291.4 |
          Lair |    723 |    723 |      0 |    400 |     94 |   1 |  723.0 |
         Abyss |    203 |    203 |      0 |     66 |      0 |   1 |  203.0 |
               +--------+--------+--------+--------+--------+-----+--------+

Top non-repeatable levels by time:
     D:8: 2680 daAuts
     D:7: 1717 daAuts
     D:6: 1507 daAuts
     D:9: 1362 daAuts
     D:3: 1359 daAuts
     D:2: 1193 daAuts
     D:5: 1191 daAuts
     D:4: 1085 daAuts
  Lair:1: 723 daAuts
     D:1: 654 daAuts
 Abyss:1: 203 daAuts
    D:10: 161 daAuts
